 Dungeon Crawl Stone Soup version 0.29.1-1-gd02db69 (webtiles) character file.

Game seed: 10370287014936938551

137 Timinator the Insei (level 4, -2/52 HPs)
             Began as a Demigod Transmuter on Dec 22, 2022.
             Killed from afar by an orc wizard (4 damage)
             ... with a magic dart
             ... on level 3 of the Dungeon.
             The game lasted 00:06:26 (3084 turns).

Timinator the Insei (Demigod Transmuter)            Turns: 3084, Time: 00:06:28

Health: -2/52      AC: 26    Str: 11    XL:     4   Next: 68%
Magic:  8/9        EV:  2    Int: 15    God:
Gold:   152        SH:  0    Dex: 18    Spells: 4/7 levels left

rFire   . . .      SeeInvis .     - Unarmed
rCold   . . .      Faith    .   (no shield)
rNeg    + . .      Spirit   .   (body armour currently unavailable)
rPois   +          Reflect  .   (helmet currently unavailable)
rElec   .          Harm     .   (cloak currently unavailable)
rCorr   .          Rampage  .   (gloves currently unavailable)
Will    .....      NoTele   +   (boots currently unavailable)
Stlth   ++........              (no amulet)
HPRegen 0.17/turn               e - ring of positive energy
MPRegen 0.11/turn               n - +4 ring of protection

@: tree-form
A: stationary, stasis, torment immunity, boosted hp, high MP 1, forlorn, divine
attributes
a: no special abilities


You were on level 3 of the Dungeon.
You were a tree.
You visited 1 branch of the dungeon, and saw 3 of its levels.

You collected 152 gold pieces.

Inventory:

Missiles
 m - 4 poisoned darts
Armour
 d - a +0 leather armour
 h - a +0 ring mail (melded)
Jewellery
 e - a ring of positive energy (left branch)
 n - a +4 ring of protection (right branch)
Scrolls
 a - 2 scrolls of identify {unknown}
 f - a scroll of amnesia {unknown}
 g - a scroll of butterflies {unknown}
 j - a scroll of immolation {unknown}
 l - 3 scrolls of teleportation {unknown}
 p - a scroll of brand weapon {unknown}
Potions
 c - a potion of heal wounds {unknown}
 i - a potion of mutation {unknown}
 k - a potion of ambrosia {unknown}
 o - 2 potions of flight {unknown}
 q - a potion of degeneration {unknown}
 r - a potion of curing {unknown}


   Skills:
 * Level 1.5 Fighting
 * Level 1.3 Armour
 * Level 2.4 Dodging
 - Level 0.5 Stealth
 + Level 3.2 Unarmed Combat
 + Level 2.1 Spellcasting
 * Level 2.9 Transmutations


You had 4 spell levels left.
You knew the following spells:

 Your Spells              Type           Power      Damage    Failure   Level
a - Beastly Appendage     Tmut           20%        N/A       7%          1
b - Wereblood             Tmut           10%        N/A       10%         2

Your spell library contained the following spells:

 Spells                   Type           Power      Damage    Failure   Level
 Summon Small Mammal      Summ           4%         N/A       22%         1
 Spider Form              Tmut/Pois      5%         N/A       36%         3
 Call Canine Familiar     Summ           1%         N/A       54%         3
 Summon Guardian Golem    Hex/Summ       1%         N/A       54%         3
 Ice Form                 Ice/Tmut       5%         N/A       77%         4


Dungeon Overview and Level Annotations

Branches:
Dungeon (3/15)


Innate Abilities, Weirdness & Mutations

You are a tree.
Your roots penetrate the ground, keeping you stationary.
You cannot be teleported.
You are immune to unholy pain and torment.
Your maximum health is greatly increased.
Your equipment is partially melded.
You have an increased reservoir of magic. (+10% MP)
You shall have no god before yourself.
Your divine heritage dramatically boosts your attributes as you level up.


Message History

The orc wizard flickers and vanishes!
Deactivating autopickup; reactivate with Ctrl-A.
You hit the orc priest.
The orc priest is heavily wounded.
The orc priest hits you with a +0 club.
You hit the orc priest but do no damage.
You claw the orc priest, but do no damage.
The orc priest is heavily wounded.
Your horns disappear.
Your talons disappear.
The orc priest begins to cast a cantrip, but forgets the words!
The orc priest closely misses you.
Casting: Wereblood (dangerous; 26% risk of failure)
Confirm with . or Enter, or press ? or * to list all spells.
You grow a pair of large bovine horns.
Your feet morph into talons.
The orc priest hits you but does no damage.
You hit the orc priest.
The orc priest is severely wounded.
You hit the orc priest.
You claw the orc priest, but do no damage.
You headbutt the orc priest.
You kill the orc priest!
You closely miss something. Your kick misses something.
Something hits you but does no damage.
You closely miss something. You claw something.
Something hits you but does no damage.
You hit something but do no damage.
You hear some strange, mumbled words.
A puff of flame appears from out of thin air!
The puff of flame hits you.
The orc priest mumbles some strange prayers to Beogh against you.
Beogh smites you!
* * * LOW HITPOINT WARNING * * *
Really quaff the potion of lignification?
Your horns disappear.
Your talons disappear.
You turn into a tree.
Your +0 ring mail melds into your body.
Your roots penetrate the ground.
You hear some strange, mumbled words.
A magic dart appears from out of thin air!
The magic dart hits you.
You die...

..(..##########.......###
...............######.# #
...............# #.# #
...............# #.# #
...............# #)# #
...............# #.# #
...o....oo.....# #.# #
.....###{##...## #.# #
... #♣##.#.# #.### .
#.##.# #.##. #....# #.[..
###..# #.... ##.# # #..##
#.####.# #..## #......#
#..#.
##########'#.#######.##.
#.......................


You could see an orc priest and an orc.

Vanquished Creatures
  An orc priest (D:3)
  Terence (D:2)
  2 adders
  2 worms (D:2)
  An orc (D:3)
  4 ball pythons (D:1)
  A bat (D:2)
  3 endoplasms
  A giant cockroach (D:1)
  5 goblins
  8 hobgoblins
  3 jackals (D:3)
  5 kobolds
  4 quokkas
  3 frilled lizards
  8 rats
52 creatures vanquished.

Notes
Turn   | Place    | Note
-------+----------+-------------------------------------------
     0 | D:1      | Timinator the Demigod Transmuter began the quest for the
                  | Orb.
     0 | D:1      | Reached XP level 1. HP: 15/15 MP: 5/5
   593 | D:1      | Reached XP level 2. HP: 22/22 MP: 5/7
   837 | D:1      | Reached skill level 1 in Fighting
  1431 | D:2      | Reached skill level 3 in Unarmed Combat
  1637 | D:2      | Learned a level 2 spell: Wereblood
  1704 | D:2      | Reached XP level 3. HP: 25/28 MP: 6/8
  2058 | D:2      | Noticed Terence
  2074 | D:2      | Killed Terence
  2325 | D:2      | Reached skill level 1 in Armour
  2338 | D:2      | Reached XP level 4. HP: 23/35 MP: 7/9
  3083 | D:3      | HP: 1/35 [orc priest/divine providence (13)]
  3084 | D:3      | Killed from afar by an orc wizard

Illustrated notes

Levels and vault maps discovered:
D:1:      eino_arrival_cavern_e, layout_loops_ring,
          shapermc_ecumenical_altar_petra, kennysheep_flooded_box,
          kennysheep_pointless_box
D:2:      layout_basic, uniq_terence
D:3:      layout_basic

Skill      XL: |  1  2  3 |
---------------+----------+-----
Transmutations | 2 |  2.9
Dodging        | 2 |  2.4
Fighting       | 1 |  1.5
Unarmed Combat | 3 |  3.2
Armour         | 1 |  1.3
Spellcasting   | 2 |  2.1
Stealth        | |  0.5

Action                   |  1- 3 |  4- 6 || total
-------------------------+-------+-------++-------
Melee: Unarmed           |   155 |    49 ||   204
       Headbutt          |    15 |     9 ||    24
       Kick              |    23 |     8 ||    31
       Punch             |     1 |       ||     1
 Cast: Beastly Appendage |    25 |     9 ||    34
       Wereblood         |       |     1 ||     1
  Use: Potion            |     1 |     1 ||     2
 Stab: Sleeping          |     2 |       ||     2
Armor: Leather armour    |    24 |     1 ||    25
       Ring mail         |       |    23 ||    23
Dodge: Dodged            |    80 |    25 ||   105
